[Event "Titled Tuesday Blitz March 29 Early 2022"]
[White "Oro, Luis"]
[Black "Nan, M K Khine Hlyan"]
[WhiteFideId "104094"]
[BlackFideId "13002899"]
[WhiteElo "2350"]
[BlackElo "1943"]
[Result "1-0"]
[Round "05"]
[TimeControl "180+1"]
[Date "2022.03.30"]
[WhiteClock "0:00:54"]
[BlackClock "0:00:08"]

1. e4 e5 2. Nf3 Nc6 3. Bc4 Bc5 4. c3 Nf6 5. d3 h6 6. a4 a5 7. O-O O-O 8. h3 Bb6 9. Be3 d5 10. exd5 Nxd5 11. Bxd5 Qxd5 12. Bxb6 cxb6 13. Qe2 Bf5 14. Rd1 Rad8 15. d4 e4 16. Ne1 Rfe8 17. Nc2 Qe6 18. Ne3 Qg6 19. Kh2 Qd6+ 20. g3 Bg6 21. Nd2 f5 22. Ndc4 Qc7 23. Ng2 Bf7 24. Nce3 Ne7 25. h4 Bg6 26. Qb5 Qc6 27. Qxc6 bxc6 28. Nc4 Nd5 29. Ne5 Bh7 30. Nxc6 Nf6 31. Nxd8 Rxd8 32. Ne3 g5 33. hxg5 hxg5 34. Nc4 Ng4+ 35. Kg1 f4 36. Nxb6 fxg3 37. fxg3 e3 38. Re1 Bd3 39. Rad1 Bc4 40. Nxc4 Rf8 41. Nxe3 Nf6 42. Rf1 1-0


[Site "https://www.chess.com"]

[Event "Titled Tuesday Blitz March 29 Early 2022"]
[White "Ovezdurdyyeva, Jemal"]
[Black "Derraugh, Geordie"]
[WhiteFideId "14001888"]
[BlackFideId "2603950"]
[WhiteElo "1946"]
[BlackElo "2116"]
[Result "0-1"]
[Round "05"]
[TimeControl "180+1"]
[Date "2022.03.30"]
[WhiteClock "0:00:12"]
[BlackClock "0:00:14"]

1. e4 c5 2. Nf3 d6 3. d4 cxd4 4. Nxd4 Nf6 5. Nc3 a6 6. Bc4 e6 7. O-O Qc7 8. Bb3 Be7 9. Kh1 O-O 10. f4 b5 11. Qe2 b4 12. Nd1 Bb7 13. Nf2 Re8 14. e5 Nfd7 15. f5 dxe5 16. fxe6 exd4 17. exf7+ Kf8 18. fxe8=Q+ Kxe8 19. Bg5 Qe5 20. Rae1 Qxg5 21. Ne4 Bxe4 22. Qxe4 Ra7 23. Qxh7 Kd8 24. Rf7 Nc6 25. Ba4 Nde5 26. Rxg7 Qd2 27. Qe4 Rd7 28. h3 Kc7 29. Re2 Qd1+ 30. Kh2 d3 31. cxd3 Qxa4 32. b3 Qb5 0-1


[Site "https://www.chess.com"]

[Event "Titled Tuesday Blitz March 29 Early 2022"]
[White "Pajeken, Jakob Leon"]
[Black "Ronka, Erik"]
[WhiteFideId "12942839"]
[BlackFideId "505080"]
[WhiteElo "2351"]
[BlackElo "2264"]
[Result "0-1"]
[Round "05"]
[TimeControl "180+1"]
[Date "2022.03.30"]
[WhiteClock "0:00:08"]
[BlackClock "0:00:03"]

1. d4 d5 2. c4 c6 3. Nf3 Nf6 4. e3 Bf5 5. Bd3 Bxd3 6. Qxd3 e6 7. O-O Nbd7 8. Nc3 Be7 9. e4 dxe4 10. Nxe4 Nxe4 11. Qxe4 O-O 12. b3 a5 13. Bb2 a4 14. Rfd1 Nf6 15. Qe2 Qb6 16. d5 cxd5 17. cxd5 axb3 18. axb3 Rxa1 19. Bxa1 Qxb3 20. d6 Bd8 21. Ne5 h6 22. h4 Qa4 23. g3 Bb6 24. Nc4 Bd8 25. Rb1 b5 26. Ne5 b4 27. Nd3 Qa6 28. Be5 Nd7 29. Ra1 Qc4 30. Rc1 Qd5 31. Bf4 e5 32. Nxe5 Re8 33. Qc4 Rxe5 34. Qxd5 Rxd5 35. Rc8 Nf6 36. Rxd8+ Kh7 37. Rb8 Ne4 38. Kg2 b3 39. Kf3 Nxd6 40. Rxb3 Ne8 41. Rb7 Kg8 42. Rb8 Kf8 43. Ke4 Rd7 44. h5 f6 45. Kf5 Kf7 46. g4 Rd5+ 47. Ke4 Rd7 48. Rb6 Re7+ 49. Kd5 Rd7+ 50. Bd6 Nxd6 51. Rxd6 Re7 52. f4 Ra7 53. Kc6 Ra6+ 54. Kc7 Ra7+ 55. Kd8 Ra4 56. f5 Rxg4 57. Rd7+ Kg8 58. Ke8 Rg5 59. Rf7 Rxf5 60. Rf8+ Kh7 61. Kf7 Rxh5 62. Rg8 Rg5 63. Re8 h5 64. Rg8 h4 65. Re8 h3 66. Re3 Rh5 67. Rg3 g5 68. Re3 h2 69. Re7 h1=Q 70. Kxf6+ Kh6 0-1


[Site "https://www.chess.com"]

[Event "Titled Tuesday Blitz March 29 Early 2022"]
[White "Papp, Petra"]
[Black "Gurevich, Dmitry"]
[WhiteFideId "739049"]
[BlackFideId "2000407"]
[WhiteElo "2259"]
[BlackElo "2506"]
[Result "0-1"]
[Round "05"]
[TimeControl "180+1"]
[Date "2022.03.30"]
[WhiteClock "0:00:01"]
[BlackClock "0:00:48"]

1. d4 Nf6 2. c4 a6 3. g3 c5 4. Bg2 cxd4 5. Qxd4 g6 6. Nf3 Bg7 7. O-O O-O 8. Nc3 d6 9. e4 b6 10. h3 Nbd7 11. Qd3 Bb7 12. Re1 Rc8 13. Rb1 Nc5 14. Qc2 b5 15. cxb5 axb5 16. a3 Ncxe4 17. Qb3 Nxc3 18. bxc3 Nd5 19. Qxb5 Bc6 20. Qb3 Nxc3 21. Rb2 Bd5 22. Qb4 Na2 23. Qf4 Nxc1 0-1


[Site "https://www.chess.com"]

[Event "Titled Tuesday Blitz March 29 Early 2022"]
[White "Pein, Jonathan"]
[Black "Simonovic, Miroslav"]
[WhiteFideId "417092"]
[BlackFideId "919152"]
[WhiteElo "2140"]
[BlackElo "2043"]
[Result "1-0"]
[Round "05"]
[TimeControl "180+1"]
[Date "2022.03.30"]
[WhiteClock "0:01:21"]
[BlackClock "0:00:43"]

1. e4 c5 2. Nf3 Nc6 3. d4 cxd4 4. Nxd4 e5 5. Nf5 d6 6. Nc3 Nf6 7. Bg5 Bxf5 8. exf5 Be7 9. Bc4 O-O 10. Qe2 Nd4 11. Qd3 d5 12. Bb3 Nxb3 13. axb3 d4 14. Ne2 Nd5 15. Bxe7 Qxe7 16. O-O Rfd8 17. Rfe1 Qg5 18. Qe4 a6 19. Qxe5 Nb4 20. Nxd4 Rxd4 21. Qe8+ 1-0


[Site "https://www.chess.com"]

[Event "Titled Tuesday Blitz March 29 Early 2022"]
[White "Perez Ponsa, Federico"]
[Black "Nakamura, Hikaru"]
[WhiteFideId "117927"]
[BlackFideId "2016192"]
[WhiteElo "2672"]
[BlackElo "2850"]
[Result "1/2-1/2"]
[Round "05"]
[TimeControl "180+1"]
[Date "2022.03.29"]
[WhiteClock "0:00:59"]
[BlackClock "0:01:08"]

1. d4 Nf6 2. c4 e6 3. Nc3 Bb4 4. Qc2 O-O 5. e4 c5 6. e5 Ne8 7. dxc5 Nc6 8. Nf3 f6 9. Bd3 h6 10. exf6 Nxf6 11. O-O Bxc5 12. a3 b6 13. b4 Nd4 14. Nxd4 Bxd4 15. Bb2 Bb7 16. Rad1 Ng4 17. Bh7+ Kh8 18. Rxd4 Qg5 19. Be4 Qe5 20. g3 Qxd4 21. Bxb7 Rab8 1/2-1/2


[Site "https://www.chess.com"]

[Event "Titled Tuesday Blitz March 29 Early 2022"]
[White "Piesik, Piotr"]
[Black "Pakleza, Zbigniew"]
[WhiteFideId "1136194"]
[BlackFideId "1119290"]
[WhiteElo "2190"]
[BlackElo "2467"]
[Result "1-0"]
[Round "05"]
[TimeControl "180+1"]
[Date "2022.03.29"]
[WhiteClock "0:00:35"]
[BlackClock "0:00:05"]

1. e4 d6 2. d4 Nf6 3. Nc3 c6 4. Nf3 Bg4 5. Be2 e6 6. Be3 Be7 7. Nd2 Bxe2 8. Qxe2 d5 9. O-O O-O 10. f3 b5 11. a4 b4 12. Nd1 Nbd7 13. Nf2 a5 14. Nd3 Qb6 15. Qf2 dxe4 16. fxe4 Ng4 17. Qf3 Nxe3 18. Qxe3 Rad8 19. Nc4 Qa6 20. b3 Nb6 21. Nce5 Qb7 22. Rad1 Bd6 23. Nf3 Qc7 24. Qg5 Nc8 25. Nb2 Bf4 26. Qc5 Qb6 27. Nc4 Qxc5 28. dxc5 Bc7 29. Nfe5 Ne7 30. Rxd8 Rxd8 31. Nxf7 Rd4 32. Ng5 Rd7 33. Nxe6 h6 34. Rf8+ Kh7 35. Rf7 Kg6 36. Rf3 h5 37. Nf8+ 1-0


[Site "https://www.chess.com"]

[Event "Titled Tuesday Blitz March 29 Early 2022"]
[White "Polanco Nunez, Yoel Estarling"]
[Black "Flis, Pawel"]
[WhiteFideId "6401783"]
[BlackFideId "1112864"]
[WhiteElo "2132"]
[BlackElo "1735"]
[Result "1-0"]
[Round "05"]
[TimeControl "180+1"]
[Date "2022.03.30"]
[WhiteClock "0:00:23"]
[BlackClock "0:00:05"]

1. d4 Nf6 2. c4 c5 3. d5 b5 4. cxb5 a6 5. bxa6 g6 6. Nc3 Bg7 7. Nf3 Bxa6 8. e4 Bxf1 9. Kxf1 d6 10. g3 O-O 11. Kg2 Nbd7 12. a4 Ra6 13. Qe2 Qa8 14. Nd2 e6 15. dxe6 fxe6 16. Ra3 d5 17. Re1 d4 18. Nb5 Qc6 19. Nc4 Ne8 20. f4 Nc7 21. Nxc7 Qxc7 22. e5 Nb6 23. a5 Qc6+ 24. Kg1 Nd5 25. Nb6 Nb4 26. Qc4 d3 27. Bd2 Nc2 28. Qxa6 Nxe1 29. Bxe1 Rd8 30. Bd2 Qf3 31. Qc4 Qd1+ 32. Kg2 Qxd2+ 33. Kh3 Qxb2 34. Rxd3 1-0


[Site "https://www.chess.com"]

[Event "Titled Tuesday Blitz March 29 Early 2022"]
[White "Polster, Christian"]
[Black "Koellner, Ruben Gideon"]
[WhiteFideId "12965081"]
[BlackFideId "12993093"]
[WhiteElo "2321"]
[BlackElo "2530"]
[Result "1-0"]
[Round "05"]
[TimeControl "180+1"]
[Date "2022.03.30"]
[WhiteClock "0:00:44"]
[BlackClock "0:02:02"]

1. e4 d6 2. d4 Nf6 3. Nc3 e5 4. dxe5 dxe5 5. Qxd8+ Kxd8 6. Bc4 Be6 7. Bxe6 fxe6 8. f3 Bd6 9. Nh3 Ke7 10. Nf2 Nbd7 11. Nd3 a6 12. b3 b5 13. Bb2 Rhc8 14. a4 c6 15. Ke2 Nc5 16. axb5 a5 17. bxc6 Rxc6 18. Rhd1 Nxd3 19. Rxd3 Nd7 20. Rad1 Nc5 21. Rxd6 Rxd6 22. Ba3 Rc8 23. Rxd6 Kxd6 24. Na4 Rc7 25. Bxc5+ Rxc5 26. Nxc5 Kxc5 27. c3 g6 28. Kd3 g5 29. Kc2 Kb5 30. Kb2 h6 31. Ka3 h5 32. c4+ Kc5 33. Ka4 Kb6 34. c5+ Kxc5 35. Kxa5 Kd4 36. b4 Ke3 37. b5 Kf2 38. b6 Kxg2 39. b7 Kxf3 40. b8=Q Kxe4 41. Qh8 h4 42. Qh5 Kf4 43. h3 e4 44. Qg4+ Ke3 45. Qxg5+ Kd3 46. Qxh4 e3 47. Qg3 Kd2 48. Qf4 Kd3 49. Qe5 e2 50. h4 Kd2 51. Qxe6 e1=Q 52. Qxe1+ Kxe1 53. h5 1-0


[Site "https://www.chess.com"]

[Event "Titled Tuesday Blitz March 29 Early 2022"]
[White "Pourkashiyan, Atousa"]
[Black "Ravi, Teja S."]
[WhiteFideId "12502014"]
[BlackFideId "5017220"]
[WhiteElo "2247"]
[BlackElo "2412"]
[Result "1/2-1/2"]
[Round "05"]
[TimeControl "180+1"]
[Date "2022.03.30"]
[WhiteClock "0:00:06"]
[BlackClock "0:01:14"]

1. e4 c5 2. Nf3 d6 3. d4 cxd4 4. Nxd4 Nf6 5. Nc3 a6 6. Be2 g6 7. Be3 Bg7 8. O-O O-O 9. Qd2 Nc6 10. Rad1 Ng4 11. Bxg4 Bxg4 12. f3 Bd7 13. Nd5 Rc8 14. c4 Nxd4 15. Bxd4 Rxc4 16. Bb6 Qe8 17. Qg5 f6 18. Qd2 Be6 19. b3 Rc6 20. Bd4 Qd7 21. Rc1 Bxd5 22. exd5 Rxc1 23. Rxc1 Rc8 24. Re1 b5 25. Qe2 Kf7 26. h4 h5 27. Kh2 Rc7 28. Bb6 Rb7 29. Bd4 Qf5 30. Qe6+ Qxe6 31. Rxe6 Rc7 32. Bb6 Rc2 33. a4 Rc3 34. axb5 axb5 35. Re3 Rxe3 36. Bxe3 f5 37. Kg1 e6 38. dxe6+ Kxe6 39. Kf2 Kd5 40. Ke2 Bd4 41. Bg5 Ke6 42. Kd3 Bf6 43. Bxf6 Kxf6 44. Kd4 Ke6 45. f4 Kd7 46. Kd5 Kc7 47. b4 Kd7 48. Kd4 Kc6 49. Ke3 Kd5 50. Kd3 Ke6 51. Kd4 Kf6 52. Ke3 Ke6 53. Kd4 d5 54. Ke3 Kd6 55. Kd4 Ke6 56. Ke3 Kd7 57. Kd4 Kd6 58. Ke3 Kc6 59. Kd4 Kd6 60. Ke3 Ke7 61. Kd4 Ke6 1/2-1/2


[Site "https://www.chess.com"]

[Event "Titled Tuesday Blitz March 29 Early 2022"]
[White "Przybylski, Wojciech"]
[Black "Sarkar, Justin"]
[WhiteFideId "1117599"]
[BlackFideId "2010011"]
[WhiteElo "2133"]
[BlackElo "2038"]
[Result "1-0"]
[Round "05"]
[TimeControl "180+1"]
[Date "2022.03.30"]
[WhiteClock "0:00:23"]
[BlackClock "0:00:01"]

1. d4 Nf6 2. Nc3 d5 3. Bf4 e6 4. e3 c5 5. g4 cxd4 6. exd4 Bb4 7. Bd3 Nc6 8. a3 Ba5 9. Be3 O-O 10. b4 Bb6 11. Nf3 e5 12. dxe5 Bxe3 13. exf6 Bxg4 14. Rg1 Qxf6 15. Nxd5 Qxf3 16. Qxf3 Bxf3 17. Nxe3 Ne5 18. Rg3 Rfd8 19. Bf1 Rac8 20. Be2 Be4 21. Rc1 Rc3 22. f4 Nf3+ 23. Bxf3 Rxe3+ 24. Be2 Rxg3 25. hxg3 f5 26. c4 Kf7 27. c5 Ke7 28. b5 h6 29. a4 g5 30. a5 g4 31. Rc4 h5 32. Kf2 Ke6 33. Ke3 Kd5 34. Rc1 Rc8 35. Rd1+ 1-0


[Site "https://www.chess.com"]

[Event "Titled Tuesday Blitz March 29 Early 2022"]
[White "Quirke, Jeffrey"]
[Black "Todorovic, Bojan"]
[WhiteFideId "2013029"]
[BlackFideId "917087"]
[WhiteElo "2178"]
[BlackElo "2266"]
[Result "0-1"]
[Round "05"]
[TimeControl "180+1"]
[Date "2022.03.30"]
[WhiteClock "0:00:00"]
[BlackClock "0:00:19"]

1. c4 g6 2. g3 Bg7 3. Bg2 Nf6 4. Nc3 O-O 5. Nf3 c6 6. e4 d5 7. cxd5 cxd5 8. e5 Ne4 9. O-O Nc6 10. d4 Bg4 11. Be3 Qa5 12. h3 Nxc3 13. bxc3 Bf5 14. Qb3 Rab8 15. Nd2 Bd3 16. Rfe1 e6 17. c4 dxc4 18. Nxc4 Bxc4 19. Qxc4 Rfc8 20. Rac1 Bf8 21. Qb3 Qb4 22. Red1 Qxb3 23. axb3 Na5 24. Rxc8 Rxc8 25. d5 exd5 26. Bxd5 b6 27. e6 Bc5 28. exf7+ Kg7 29. Bf4 Nc6 30. Re1 Ne7 31. Be5+ Kf8 32. Bf6 Nxd5 0-1


[Site "https://www.chess.com"]

[Event "Titled Tuesday Blitz March 29 Early 2022"]
[White "Reprintsev, Alexander"]
[Black "volunteers1998"]
[WhiteFideId "14100541"]
[WhiteElo "2108"]
[BlackElo "2287"]
[Result "1/2-1/2"]
[Round "05"]
[TimeControl "180+1"]
[Date "2022.03.30"]
[WhiteClock "0:00:42"]
[BlackClock "0:00:55"]

1. e4 c5 2. b3 Nc6 3. Bb2 Nf6 4. e5 Nd5 5. Nf3 e6 6. c4 Nc7 7. Be2 Be7 8. d4 cxd4 9. Nxd4 Nxe5 10. O-O d6 11. f4 Ng6 12. f5 exf5 13. Nxf5 Bxf5 14. Rxf5 O-O 15. Bf3 Nh4 16. Rh5 Nxf3+ 17. Qxf3 Bf6 18. Bxf6 Qxf6 19. Qxf6 gxf6 20. Nc3 Rfe8 21. Rd1 Re6 22. Nd5 Nxd5 23. Rhxd5 Rae8 24. Rxd6 Rxd6 25. Rxd6 Re2 26. Rd7 Rxa2 27. Rxb7 a5 28. c5 Rc2 29. Rb5 Rc3 30. Kf2 Kf8 31. Ke2 Rc2+ 32. Kd3 Rxg2 33. Rxa5 Rxh2 34. c6 Ke7 35. b4 Kd6 36. b5 Rb2 37. Kc4 Rc2+ 38. Kb3 Rc1 39. Ra7 h5 40. Rxf7 Kc5 41. Rb7 Kd6 42. Rh7 Kc5 43. Rxh5+ Kb6 44. Rf5 Rb1+ 45. Kc4 Rc1+ 46. Kd5 Kxb5 47. Kd6+ Kb6 48. Rxf6 Rxc6+ 49. Ke5 Rxf6 50. Kxf6 1/2-1/2


[Site "https://www.chess.com"]

[Event "Titled Tuesday Blitz March 29 Early 2022"]
[White "Rustemov, Alexander"]
[Black "Baches Garcia, Guillermo"]
[WhiteFideId "4119002"]
[BlackFideId "2209764"]
[WhiteElo "2749"]
[BlackElo "2493"]
[Result "1-0"]
[Round "05"]
[TimeControl "180+1"]
[Date "2022.03.30"]
[WhiteClock "0:00:01"]
[BlackClock "0:00:01"]

1. d4 Nf6 2. c4 e6 3. Nf3 d5 4. Nc3 c5 5. cxd5 Nxd5 6. g3 Nxc3 7. bxc3 cxd4 8. Qxd4 Qxd4 9. Nxd4 Bc5 10. Bg2 Ke7 11. Rb1 Bb6 12. Ba3+ Kf6 13. O-O Nd7 14. Rfd1 Ne5 15. Nb3 Bd7 16. Bxb7 Rad8 17. Bc5 Ba4 18. Bxb6 axb6 19. Rd4 Rxd4 20. cxd4 Nc4 21. Rc1 Nd6 22. Bf3 Rd8 23. e3 e5 24. dxe5+ Kxe5 25. Nd4 g6 26. Rc7 Bd7 27. h4 h6 28. Bd1 g5 29. Nf3+ Kf6 30. hxg5+ hxg5 31. Bb3 Be6 32. Rc6 b5 33. Nd4 Ke5 34. Bxe6 fxe6 35. Rb6 Ra8 36. Nxb5 Ne4 37. Nd4 Rxa2 38. Rxe6+ Kd5 39. Rg6 Nxf2 40. Kg2 Ne4+ 41. Kf3 Nd2+ 42. Kg4 Ne4 43. Rg8 Rg2 44. Rd8+ Kc4 45. Kf5 Nc5 46. g4 Rf2+ 47. Kg6 Ne4 48. Nf5 1-0


[Site "https://www.chess.com"]

[Event "Titled Tuesday Blitz March 29 Early 2022"]
[White "Sahil, Tickoo"]
[Black "Horak, Martin"]
[WhiteFideId "5019710"]
[BlackFideId "367095"]
[WhiteElo "2099"]
[BlackElo "1997"]
[Result "0-1"]
[Round "05"]
[TimeControl "180+1"]
[Date "2022.03.30"]
[WhiteClock "0:00:06"]
[BlackClock "0:00:06"]

1. d4 Nf6 2. Bf4 g6 3. e3 Bg7 4. h4 h6 5. Nf3 d6 6. Be2 c5 7. c3 cxd4 8. cxd4 O-O 9. O-O Qb6 10. Qb3 Be6 11. Qxb6 axb6 12. a3 Nc6 13. Nc3 Nd5 14. Nxd5 Bxd5 15. Rfc1 e5 16. Bg3 exd4 17. exd4 Rfe8 18. Kf1 Nxd4 19. Nxd4 Bxd4 20. Rd1 Bxb2 21. Rab1 Bxg2+ 22. Kxg2 Rxe2 23. Rxd6 Be5 24. Rdxb6 Bxg3 25. Kxg3 Rxa3+ 26. f3 Ree3 27. Rf6 Kg7 28. Rf4 g5 29. hxg5 hxg5 30. Rf5 Kg6 31. Kg4 Ra4+ 32. f4 gxf4 33. Rxf4 Rxf4+ 34. Kxf4 Re7 35. Rb6+ f6 36. Kg4 Kf7 37. Kf5 Ke8 38. Kxf6 Kd8 39. Rd6+ Rd7 40. Rb6 Kc7 41. Rb1 b6 42. Ke5 Kb7 43. Ke4 Rd2 44. Ke3 Rd8 45. Ke2 Ka6 46. Rb2 b5 47. Ke3 Ka5 48. Ke2 b4 49. Rc2 b3 50. Rc7 Kb4 51. Rb7+ Ka3 52. Ra7+ Kb2 53. Rb7 Kc2 54. Rc7+ Kb1 55. Rb7 b2 56. Ke1 Rd4 57. Ke2 Kc2 58. Ke3 Rd1 59. Ke2 Rh1 60. Rc7+ Kb3 61. Kd2 b1=Q 62. Rb7+ Kc4 63. Rxb1 Rxb1 64. Ke3 Rd1 65. Kf4 Re1 66. Kf5 0-1


[Site "https://www.chess.com"]

[Event "Titled Tuesday Blitz March 29 Early 2022"]
[White "Salinas Herrera, Pablo"]
[Black "Tsydypov, Zhamsaran"]
[WhiteFideId "3407128"]
[BlackFideId "4108566"]
[WhiteElo "2541"]
[BlackElo "2614"]
[Result "1-0"]
[Round "05"]
[TimeControl "180+1"]
[Date "2022.03.29"]
[WhiteClock "0:00:19"]
[BlackClock "0:01:14"]

1. d4 Nf6 2. Nf3 e6 3. Bf4 d5 4. e3 Bd6 5. Nbd2 O-O 6. Bd3 c5 7. c3 Nc6 8. Bg3 b6 9. Qe2 Bb7 10. Rd1 Ne7 11. Ne5 Ne4 12. Nxe4 dxe4 13. Ba6 Qc8 14. Bxb7 Qxb7 15. dxc5 Bxe5 16. Bxe5 bxc5 17. c4 Nc6 18. Bc3 Nb4 19. b3 Nd3+ 20. Kf1 f5 21. g3 e5 22. f4 exf4 23. gxf4 Rad8 24. Rg1 g6 25. h4 Rd6 26. h5 Rfd8 27. hxg6 Rxg6 28. Rxg6+ hxg6 29. Qh2 Qh7 30. Qxh7+ Kxh7 31. Ke2 g5 32. fxg5 Kg6 33. Bf6 Rd6 34. Rh1 Ra6 35. Rh6+ Kf7 36. g6+ Kxf6 37. g7+ Kxg7 38. Rxa6 1-0


[Site "https://www.chess.com"]

[Event "Titled Tuesday Blitz March 29 Early 2022"]
[White "Sanchez Alvares, Kelvin Antonio"]
[Black "Prohorov, Olexandr"]
[WhiteFideId "3906680"]
[BlackFideId "14105578"]
[WhiteElo "2193"]
[BlackElo "1993"]
[Result "1-0"]
[Round "05"]
[TimeControl "180+1"]
[Date "2022.03.30"]
[WhiteClock "0:00:17"]
[BlackClock "0:00:02"]

1. e4 c5 2. Nf3 e6 3. d4 cxd4 4. Nxd4 Qb6 5. Nb3 Nf6 6. Nc3 Bb4 7. Bd3 d5 8. exd5 Nxd5 9. Bd2 Nxc3 10. bxc3 Be7 11. O-O O-O 12. Qh5 g6 13. Qh6 Nd7 14. Rae1 Bf6 15. Re3 Bg7 16. Qh4 Qd8 17. Qb4 a5 18. Qb5 a4 19. Nd4 Ra5 20. Qb4 Ne5 21. c4 Ra6 22. Nf3 Nxf3+ 23. Rxf3 e5 24. Be4 Rb6 25. Qa5 Ra6 26. Qb4 Rb6 27. Qc5 Rb2 28. Rd3 Qh4 29. Re3 Be6 30. Bb4 Rc8 31. Qb5 Bxc4 32. Qxb7 Re8 33. Rfe1 1-0


[Site "https://www.chess.com"]

[Event "Titled Tuesday Blitz March 29 Early 2022"]
[White "Sanchez, Robert"]
[Black "Martin Duque, Jesus"]
[WhiteFideId "2034360"]
[BlackFideId "2208954"]
[WhiteElo "2274"]
[BlackElo "2243"]
[Result "0-1"]
[Round "05"]
[TimeControl "180+1"]
[Date "2022.03.30"]
[WhiteClock "0:00:29"]
[BlackClock "0:01:02"]

1. e4 c5 2. Nf3 b6 3. d4 cxd4 4. Nxd4 Bb7 5. Nc3 a6 6. Bc4 e6 7. a4 Qc7 8. Bb3 Nf6 9. O-O Nxe4 10. Nxe4 Bxe4 11. Re1 Qb7 12. Qg4 Bg6 13. h4 Bb4 14. c3 h5 15. Qg3 Be7 16. Nxe6 dxe6 17. Rxe6 Nc6 18. Bf4 O-O-O 19. Ree1 Rhe8 20. Bc4 Bc5 21. b4 Bf8 22. b5 axb5 23. Bxb5 Be4 24. f3 Bc5+ 25. Kh2 Bg6 26. Qg5 Rxe1 27. Rxe1 Ne7 28. a5 f6 29. Qg3 bxa5 30. Bc4 Bf5 31. Qxg7 Nd5 32. Qg3 Nxf4 33. Qxf4 Qc7 34. Ba6+ Kb8 0-1


[Site "https://www.chess.com"]

[Event "Titled Tuesday Blitz March 29 Early 2022"]
[White "Sapunov, Evgeny"]
[Black "Mortazavi, Ali"]
[WhiteFideId "4126661"]
[BlackFideId "401323"]
[WhiteElo "2470"]
[BlackElo "2339"]
[Result "1-0"]
[Round "05"]
[TimeControl "180+1"]
[Date "2022.03.29"]
[WhiteClock "0:00:06"]
[BlackClock "0:00:02"]

1. c4 Nf6 2. Nf3 g6 3. Nc3 Bg7 4. e4 O-O 5. d4 d6 6. Be2 Bg4 7. Be3 Nbd7 8. Rc1 e5 9. d5 a5 10. O-O b6 11. Bg5 h6 12. Bh4 Nc5 13. Nd2 Bxe2 14. Qxe2 Qd7 15. f3 Nh5 16. Rfd1 Nf4 17. Qf1 f5 18. b3 Kh8 19. a3 h5 20. b4 axb4 21. axb4 Na4 22. Bg5 Nxc3 23. Rxc3 Qa4 24. Rb3 fxe4 25. Rdb1 exf3 26. Qxf3 Ne6 27. Qe3 Nd4 28. R3b2 Rf5 29. Ne4 Raf8 30. h3 Qa8 31. Qd3 b5 32. Be3 bxc4 33. Qxc4 Qe8 34. Qxc7 Qb5 35. Nxd6 Rf1+ 36. Kh2 Qd3 37. Rxf1 Qxf1 38. b5 e4 39. Nxe4 Ne2 40. Qc2 Be5+ 41. g3 Rf3 42. Qxe2 1-0


[Site "https://www.chess.com"]

[Event "Titled Tuesday Blitz March 29 Early 2022"]
[White "Sarana, Alexey"]
[Black "Matlakov, Maxim"]
[WhiteFideId "24133795"]
[BlackFideId "4168003"]
[WhiteElo "2666"]
[BlackElo "2669"]
[Result "0-1"]
[Round "05"]
[TimeControl "180+1"]
[Date "2022.03.29"]
[WhiteClock "0:00:12"]
[BlackClock "0:00:38"]

1. d4 Nf6 2. c4 e6 3. Nc3 Bb4 4. e3 O-O 5. Bd3 d5 6. a3 Bxc3+ 7. bxc3 dxc4 8. Bxc4 c5 9. Ne2 Qc7 10. Bd3 Nc6 11. O-O e5 12. Ng3 Be6 13. f4 exd4 14. cxd4 cxd4 15. e4 Na5 16. e5 Nd7 17. Qh5 g6 18. Qh6 f5 19. exf6 Nxf6 20. f5 Bc4 21. Bxc4+ Nxc4 22. fxg6 Qg7 23. Nf5 Qxh6 24. Bxh6 Rfe8 25. gxh7+ Kxh7 26. Nxd4 Ne4 27. Bf4 Rad8 28. Nf3 Nc3 29. Kh1 Ne2 30. Bg5 Rd5 31. a4 a6 32. Bh4 Kg8 33. Bf2 b5 34. axb5 axb5 35. Ra7 Red8 36. h3 Nc3 37. Rb7 Rd1 38. Rxd1 Rxd1+ 39. Kh2 Nd6 40. Rb6 Nce4 41. Bd4 Nf5 42. Be5 Ne3 43. Rb7 Nf1+ 44. Kg1 Nfg3+ 45. Kh2 Rh1# 0-1


[Site "https://www.chess.com"]

[Event "Titled Tuesday Blitz March 29 Early 2022"]
[White "Sargsyan, Anna M."]
[Black "Postny, Evgeny"]
[WhiteFideId "13308130"]
[BlackFideId "2804344"]
[WhiteElo "2271"]
[BlackElo "2483"]
[Result "0-1"]
[Round "05"]
[TimeControl "180+1"]
[Date "2022.03.29"]
[WhiteClock "0:00:02"]
[BlackClock "0:00:01"]

1. e4 e5 2. Nf3 Nc6 3. Bc4 Nf6 4. d3 Be7 5. O-O d6 6. h3 O-O 7. Nbd2 Na5 8. Re1 c6 9. a4 Nxc4 10. Nxc4 Re8 11. Ne3 Bf8 12. Bd2 d5 13. exd5 cxd5 14. Nf1 e4 15. Nd4 h6 16. Ng3 Bd6 17. Ndf5 Be5 18. d4 Bc7 19. Qc1 Bxf5 20. Nxf5 Qd7 21. Bf4 Ba5 22. Nxh6+ gxh6 23. Bxh6 Nh7 24. Re3 Bc7 25. c4 Re6 26. Rc3 dxc4 27. Rxc4 Bd6 28. d5 Rg6 29. Rxe4 Qf5 30. Rg4 Rxg4 31. hxg4 Qxg4 32. Qd2 Re8 33. Be3 Qh5 34. Rc1 Nf6 35. Rc4 Re4 36. Rxe4 Nxe4 37. Qd4 Qe5 38. Qxa7 Qxd5 39. Qd4 Qxd4 40. Bxd4 Nd2 41. f3 Nb3 42. Bc3 Kf8 43. Kf2 Ke7 44. Ke3 Ke6 45. f4 Kf5 46. g3 Nc5 47. a5 Nb3 48. Kf3 Ke6 49. g4 Kd5 50. g5 Nd4+ 51. Kg4 Ne2 52. Bd2 Ke4 53. f5 Nd4 54. g6 fxg6 55. fxg6 Be5 56. Bc3 Kd3 57. Kg5 Kc4 58. Kh6 Kd3 59. g7 Nf5+ 60. Kg6 Ne7+ 61. Kf7 Bxg7 0-1


[Site "https://www.chess.com"]

[Event "Titled Tuesday Blitz March 29 Early 2022"]
[White "Schut, Han"]
[Black "Rabineau, Clement"]
[WhiteFideId "1005561"]
[BlackFideId "628891"]
[WhiteElo "2057"]
[BlackElo "2237"]
[Result "1-0"]
[Round "05"]
[TimeControl "180+1"]
[Date "2022.03.30"]
[WhiteClock "0:00:31"]
[BlackClock "0:00:02"]

1. e4 d6 2. d4 g6 3. Nc3 Bg7 4. f4 Nf6 5. Nf3 O-O 6. Bd3 Na6 7. O-O c5 8. d5 Rb8 9. a4 Bg4 10. Qe1 Nb4 11. Qh4 c4 12. Bxc4 Nxc2 13. Rb1 Qb6+ 14. Kh1 Ne3 15. Bxe3 Qxe3 16. e5 Bxf3 17. Rxf3 Qc5 18. b3 dxe5 19. fxe5 Nd7 20. Ne4 Qb4 21. Ng5 h6 22. Nxf7 Rxf7 23. Rxf7 Nxe5 24. Rxg7+ Kxg7 25. Qf4 Qd6 26. Rf1 e6 27. Qf6+ Kh7 28. dxe6 Rf8 1-0


[Site "https://www.chess.com"]

[Event "Titled Tuesday Blitz March 29 Early 2022"]
[White "Sergienko, Sergey"]
[Black "Chernomordik, Pavel"]
[WhiteFideId "4115791"]
[BlackFideId "2804530"]
[WhiteElo "2193"]
[BlackElo "2249"]
[Result "0-1"]
[Round "05"]
[TimeControl "180+1"]
[Date "2022.03.30"]
[WhiteClock "0:00:49"]
[BlackClock "0:00:23"]

1. e4 g6 2. d4 Bg7 3. Nc3 d6 4. f4 a6 5. Nf3 b5 6. Bd3 Nd7 7. a4 b4 8. Ne2 c5 9. Be3 Qc7 10. O-O c4 11. Qd2 cxd3 12. cxd3 a5 13. Rac1 Qb8 14. d5 Ngf6 15. Ned4 Bb7 16. Nc6 Bxc6 17. dxc6 Nc5 18. Bxc5 dxc5 19. Rxc5 Qb6 20. Rc1 O-O 21. Kh1 Rfd8 22. Qc2 Rac8 23. Qc4 Ng4 24. Ng5 Nf2+ 25. Kg1 Nxd3 26. Qxf7+ Kh8 27. Qc4 Bd4+ 28. Kf1 Qxc5 29. Nf7+ Kg7 30. Nxd8 Rxd8 0-1


[Site "https://www.chess.com"]

[Event "Titled Tuesday Blitz March 29 Early 2022"]
[White "Shohat, Yotam"]
[Black "Liyanage, Ranindu Dilshan"]
[WhiteFideId "2813955"]
[BlackFideId "9915834"]
[WhiteElo "2119"]
[BlackElo "1858"]
[Result "1-0"]
[Round "05"]
[TimeControl "180+1"]
[Date "2022.03.30"]
[WhiteClock "0:00:48"]
[BlackClock "0:01:14"]

1. e4 g6 2. d4 Bg7 3. Nc3 d6 4. f4 a6 5. Nf3 b5 6. Bd3 Bb7 7. a4 b4 8. Ne2 Nd7 9. O-O c5 10. c3 Ngf6 11. e5 Nd5 12. Ng5 e6 13. Ne4 O-O 14. Nxd6 Bc6 15. c4 N5b6 16. Be3 cxd4 17. Nxd4 Qc7 18. Nxc6 Qxc6 19. a5 Nxe5 20. fxe5 Bxe5 21. Be4 Qxd6 22. Qxd6 Bxd6 23. axb6 Rab8 24. c5 Be5 25. c6 Bxb2 26. Rxa6 Bc3 27. c7 Rbc8 28. Bb7 b3 29. Bxc8 Rxc8 30. b7 Rxc7 31. b8=Q+ 1-0


[Site "https://www.chess.com"]